| TOP OF THE 1ST |
|
Hickory Crawdads batting - Pitching for West Michigan Whitecaps : RHP Jared Barger
|
|
Pitching: RHP Jared Barger
|
|
|
Batting: SHB Isaiah Cherry
|
0-0: Called Strike 0-1: Foul Ball, location: 2F 0-2: Foul Ball, location: 2F 0-2: Ball 1-2: Ball 2-2: Foul Ball, location: 2F 2-2: Foul Ball, location: 2F 2-2: Ball 3-2: Hit by Pitch
|
|
Batting: LHB Casper Kersten
|
0-0: Called Strike Isaiah Cherry steals 2nd base 0-1: Ball 1-1: Called Strike 1-2: Fly out, F1 (Line Drive, P, EV 66.9 MPH)
|
|
Batting: RHB Doug Hammertime
|
0-0: Foul Ball, location: 2F 0-1: Ball 1-1: Foul Ball, location: 2F 1-2: Foul Ball, location: 2F 1-2: SINGLE (Flyball, 78S, EV 93.8 MPH) Isaiah Cherry to third
|
|
Batting: RHB Dale Aubrey
|
0-0: Called Strike 0-1: Swinging Strike 0-2: Ball 1-2: Ball 2-2: Ball 3-2: Fly out, F7 (Flyball, 7, EV 81.2 MPH) Runner from 3rd tags up, SCORES, throw by LF
|
|
Batting: LHB Ben Radach
|
0-0: Ball 1-0: Called Strike Doug Hammertime steals 2nd, throwing error, E2 Doug Hammertime to third 1-1: Called Strike 1-2: Foul Ball, location: 2F 1-2: SINGLE (Groundball, 5S, EV 63.8 MPH) (infield hit) Doug Hammertime scores
|
|
Batting: RHB Nate Calderin
|
0-0: Called Strike 0-1: Called Strike 0-2: Ball 1-2: Foul Ball, location: 2F 1-2: Fly out, F8 (Flyball, 8RS, EV 82.5 MPH)
|
| Top of the 1st over - 2 runs, 2 hits, 1 error, 1 left on base; Hickory 2 - West Michigan 0 |
| BOTTOM OF THE 1ST |
|
West Michigan Whitecaps batting - Pitching for Hickory Crawdads : RHP Jeff Kidd
|
|
Pitching: RHP Jeff Kidd
|
|
|
Batting: LHB Jeff Trapp
|
0-0: Foul Ball, location: 2F 0-1: Ball 1-1: Swinging Strike 1-2: Ball 2-2: Strikes out swinging
|
|
Batting: RHB Aaron Cusick
|
0-0: Fly out, F7 (Flyball, 78S, EV 90.0 MPH)
|
|
Batting: RHB Bill Cabrera
|
0-0: Called Strike 0-1: Swinging Strike 0-2: Foul Ball, location: 2F 0-2: SINGLE (Flyball, 5D, EV 100.0 MPH)
|
|
Batting: RHB Dan Becvar
|
0-0: Called Strike 0-1: Fly out, F8 (Line Drive, 8RM, EV 100.0 MPH)
|
| Bottom of the 1st over - 0 runs, 1 hit, 0 errors, 1 left on base; Hickory 2 - West Michigan 0 |
| TOP OF THE 2ND |
|
Hickory Crawdads batting - Pitching for West Michigan Whitecaps : RHP Jared Barger
|
|
Batting: LHB Antonio Domingues
|
0-0: Ground out 1-3 (Groundball, 13, EV 68.1 MPH)
|
|
Batting: SHB Rich Rubio
|
0-0: Ball 1-0: Fly out, F8 (Flyball, 8RD, EV 90.0 MPH)
|
|
Batting: SHB Santos Renteria
|
0-0: Ball 1-0: Ball 2-0: Called Strike 2-1: Foul Ball, location: 2F 2-2: Ball 3-2: Ground out 5-3 (Groundball, 56, EV 99.4 MPH)
|
| Top of the 2nd over - 0 runs, 0 hits, 0 errors, 0 left on base; Hickory 2 - West Michigan 0 |
| BOTTOM OF THE 2ND |
|
West Michigan Whitecaps batting - Pitching for Hickory Crawdads : RHP Jeff Kidd
|
|
Batting: RHB Jon Pierce
|
0-0: Ground out 4-3 (Groundball, 4, EV 81.9 MPH)
|
|
Batting: RHB Vince Chipman
|
0-0: Fly out, F7 (Flyball, 7LS, EV 93.1 MPH)
|
|
Batting: RHB Sergio Valbuena
|
0-0: Ball 1-0: Called Strike 1-1: Swinging Strike 1-2: Ball 2-2: Ball 3-2: Strikes out looking
|
| Bottom of the 2nd over - 0 runs, 0 hits, 0 errors, 0 left on base; Hickory 2 - West Michigan 0 |
| TOP OF THE 3RD |
|
Hickory Crawdads batting - Pitching for West Michigan Whitecaps : RHP Jared Barger
|
|
Batting: SHB Isaiah Cherry
|
0-0: Ball 1-0: SINGLE (Groundball, 56D, EV 102.5 MPH)
|
|
Batting: LHB Casper Kersten
|
0-0: Ball Isaiah Cherry is caught stealing 2nd base 2-6 1-0: Ball 2-0: SINGLE (Groundball, 3D, EV 97.5 MPH)
|
|
Batting: RHB Doug Hammertime
|
0-0: Called Strike 0-1: Ball 1-1: Ball 2-1: Ball 3-1: Fly out, F8 (Flyball, 78D, EV 103.1 MPH)
|
|
Batting: RHB Dale Aubrey
|
0-0: Ball 1-0: Called Strike Casper Kersten steals 2nd base 1-1: Hit by Pitch
|
|
Batting: LHB Ben Radach
|
0-0: Fly out, F7 (Flyball, 7LD, EV 105.6 MPH)
|
| Top of the 3rd over - 0 runs, 2 hits, 0 errors, 2 left on base; Hickory 2 - West Michigan 0 |
| BOTTOM OF THE 3RD |
|
West Michigan Whitecaps batting - Pitching for Hickory Crawdads : RHP Jeff Kidd
|
|
Batting: RHB Rocky Hart
|
0-0: Called Strike 0-1: Called Strike 0-2: Ball 1-2: Foul Ball, location: 2F 1-2: Ball 2-2: Ball 3-2: Base on Balls
|
|
Batting: RHB John Welch
|
0-0: Foul Ball, location: 2F 0-1: Ball 1-1: Called Strike 1-2: Foul Ball, location: 2F 1-2: Ball 2-2: Ball 3-2: Strikes out swinging
|
|
Batting: LHB Jeff Trapp
|
0-0: Called Strike 0-1: Ball 1-1: Grounds into double play, 5-4-3 (Groundball, 5, EV 104.4 MPH)
|
| Bottom of the 3rd over - 0 runs, 0 hits, 0 errors, 0 left on base; Hickory 2 - West Michigan 0 |
| TOP OF THE 4TH |
|
Hickory Crawdads batting - Pitching for West Michigan Whitecaps : RHP Jared Barger
|
|
Batting: RHB Nate Calderin
|
0-0: Ball 1-0: Ball 2-0: Ball 3-0: Fly out, F9 (Flyball, 9LS, EV 94.4 MPH)
|
|
Batting: LHB Antonio Domingues
|
0-0: Foul Ball, location: 2F 0-1: Called Strike 0-2: Ball 1-2: Ground out 4-3 (Groundball, 4M, EV 108.8 MPH)
|
|
Batting: SHB Rich Rubio
|
0-0: Ground out 6-3 (Groundball, 6, EV 80.0 MPH)
|
| Top of the 4th over - 0 runs, 0 hits, 0 errors, 0 left on base; Hickory 2 - West Michigan 0 |
| BOTTOM OF THE 4TH |
|
West Michigan Whitecaps batting - Pitching for Hickory Crawdads : RHP Jeff Kidd
|
|
Batting: RHB Aaron Cusick
|
0-0: Ball 1-0: Foul Ball, location: 2F 1-1: Ball 2-1: Foul Ball, location: 2F 2-2: Fly out, F9 (Flyball, 89D, EV 93.1 MPH)
|
|
Batting: RHB Bill Cabrera
|
0-0: Foul Ball, location: 2F 0-1: Ball 1-1: Swinging Strike 1-2: Ball 2-2: Ball 3-2: Fly out, F9 (Flyball, 9D, EV 102.5 MPH)
|
|
Batting: RHB Dan Becvar
|
0-0: Called Strike 0-1: Ball 1-1: Ball 2-1: Foul Ball, location: 2F 2-2: Ground out 5-3 (Groundball, 5L, EV 94.4 MPH)
|
| Bottom of the 4th over - 0 runs, 0 hits, 0 errors, 0 left on base; Hickory 2 - West Michigan 0 |
| TOP OF THE 5TH |
|
Hickory Crawdads batting - Pitching for West Michigan Whitecaps : RHP Jared Barger
|
|
Batting: SHB Santos Renteria
|
0-0: Called Strike 0-1: Ball 1-1: Foul Ball, location: 2F 1-2: Ball 2-2: Ball 3-2: Ground out U3 (Groundball, 34, EV 108.8 MPH)
|
|
Batting: SHB Isaiah Cherry
|
0-0: Called Strike 0-1: Ball 1-1: Swinging Strike 1-2: Ground out 6-3 (Groundball, 6MS, EV 68.8 MPH)
|
|
Batting: LHB Casper Kersten
|
0-0: Ground out U3 (Groundball, 34, EV 101.2 MPH)
|
| Top of the 5th over - 0 runs, 0 hits, 0 errors, 0 left on base; Hickory 2 - West Michigan 0 |
| BOTTOM OF THE 5TH |
|
West Michigan Whitecaps batting - Pitching for Hickory Crawdads : RHP Jeff Kidd
|
|
Batting: RHB Jon Pierce
|
0-0: Ball 1-0: Ball 2-0: Called Strike 2-1: Ball 3-1: Called Strike 3-2: Foul Ball, location: 2F 3-2: Foul Ball, location: 2F 3-2: Foul Ball, location: 2F 3-2: Fly out, F2 (Popup, 2RF, EV 90.6 MPH)
|
|
Batting: RHB Vince Chipman
|
0-0: Called Strike 0-1: Called Strike 0-2: Fly out, F8 (Flyball, 78D, EV 104.4 MPH)
|
|
Batting: RHB Sergio Valbuena
|
0-0: Called Strike 0-1: Ball 1-1: Swinging Strike 1-2: Ball 2-2: Strikes out swinging
|
| Bottom of the 5th over - 0 runs, 0 hits, 0 errors, 0 left on base; Hickory 2 - West Michigan 0 |
| TOP OF THE 6TH |
|
Hickory Crawdads batting - Pitching for West Michigan Whitecaps : RHP Jared Barger
|
|
Batting: RHB Doug Hammertime
|
0-0: Called Strike 0-1: Foul Ball, location: 2F 0-2: Ball 1-2: Ground out 5-3 (Groundball, 5S, EV 85.6 MPH)
|
|
Pitching: RHP Brian Southworth
|
|
|
Batting: RHB Dale Aubrey
|
0-0: Ball 1-0: Called Strike 1-1: Ball 2-1: Ball 3-1: Base on Balls
|
|
Batting: LHB Ben Radach
|
0-0: Ball 1-0: Called Strike 1-1: Ball Wild Pitch! Dale Aubrey to second 2-1: Ball 3-1: Fly out, F6 (Popup, 4MD, EV 71.2 MPH)
|
|
Batting: RHB Nate Calderin
|
0-0: Ball 1-0: Ball 2-0: Called Strike 2-1: Ball 3-1: 2-RUN HOME RUN (Flyball, 78XD, EV 105.0 MPH), Distance : 420 ft
|
|
Batting: LHB Antonio Domingues
|
0-0: Ball 1-0: Ball 2-0: Fly out, F6 (Flyball, 6D, EV 80.0 MPH)
|
| Top of the 6th over - 2 runs, 1 hit, 0 errors, 0 left on base; Hickory 4 - West Michigan 0 |
| BOTTOM OF THE 6TH |
|
West Michigan Whitecaps batting - Pitching for Hickory Crawdads : RHP Jeff Kidd
|
|
Batting: RHB Rocky Hart
|
0-0: Ball 1-0: Called Strike 1-1: Foul Ball, location: 2F 1-2: Strikes out looking
|
|
Batting: RHB John Welch
|
0-0: Fly out, F3 (Line Drive, 3, EV 70.0 MPH)
|
|
Batting: LHB Jeff Trapp
|
0-0: Foul Ball, location: 2F 0-1: Foul Ball, location: 2F 0-2: Ball 1-2: Ball 2-2: Foul Ball, location: 2F 2-2: Strikes out swinging
|
| Bottom of the 6th over - 0 runs, 0 hits, 0 errors, 0 left on base; Hickory 4 - West Michigan 0 |
| TOP OF THE 7TH |
|
Hickory Crawdads batting - Pitching for West Michigan Whitecaps : RHP Brian Southworth
|
|
Pitching: RHP Dave Frazier
|
|
|
Batting: SHB Rich Rubio
|
0-0: Called Strike 0-1: Ball 1-1: SINGLE (Groundball, 6S, EV 66.9 MPH) (infield hit)
|
|
Batting: SHB Santos Renteria
|
0-0: Bunt missed! 0-1: Ball 1-1: Called Strike Rich Rubio steals 2nd base 1-2: Ground out 5-3 (Groundball, 56, EV 104.4 MPH)
|
|
Batting: SHB Isaiah Cherry
|
0-0: Foul Ball, location: 2F 0-1: Ground out 4-3 (Groundball, 4S, EV 63.1 MPH) Rich Rubio to third
|
|
Batting: LHB Casper Kersten
|
0-0: Ball 1-0: SINGLE (Line Drive, 6D, EV 96.2 MPH) Rich Rubio scores
|
|
Batting: RHB Doug Hammertime
|
0-0: Ball 1-0: Ball Casper Kersten steals 2nd base 2-0: DOUBLE (Line Drive, 9LM, EV 103.1 MPH) Casper Kersten scores
|
|
Batting: RHB Dale Aubrey
|
0-0: Called Strike 0-1: Ball 1-1: Swinging Strike 1-2: Strikes out swinging
|
| Top of the 7th over - 2 runs, 3 hits, 0 errors, 1 left on base; Hickory 6 - West Michigan 0 |
| BOTTOM OF THE 7TH |
|
West Michigan Whitecaps batting - Pitching for Hickory Crawdads : RHP Jeff Kidd
|
|
Now at 2B: Isaiah Cherry
|
|
|
Now at 3B: Garrison Feltham
|
|
|
Now at SS: Casper Kersten
|
|
|
Batting: RHB Aaron Cusick
|
0-0: Reaches on Catchers interference
|
|
Batting: RHB Bill Cabrera
|
0-0: Called Strike 0-1: Ball 1-1: Ball 2-1: SINGLE (Groundball, 56D, EV 107.5 MPH) Aaron Cusick to second
|
|
Batting: RHB Dan Becvar
|
0-0: Grounds into double play, 5-4-3 (Groundball, 56, EV 101.9 MPH) Aaron Cusick to third
|
|
Batting: RHB Jon Pierce
|
0-0: Foul Ball, location: 2F 0-1: Called Strike 0-2: Strikes out looking
|
| Bottom of the 7th over - 0 runs, 1 hit, 1 error, 1 left on base; Hickory 6 - West Michigan 0 |
| TOP OF THE 8TH |
|
Hickory Crawdads batting - Pitching for West Michigan Whitecaps : RHP Dave Frazier
|
|
Pitching: RHP Vic Flores
|
|
|
Batting: LHB Ben Radach
|
0-0: Ball 1-0: Swinging Strike 1-1: Ball 2-1: Ball 3-1: Base on Balls
|
|
Batting: RHB Nate Calderin
|
0-0: Ball 1-0: Ball 2-0: Called Strike 2-1: Ball 3-1: Foul Ball, location: 2F 3-2: Base on Balls Ben Radach to second
|
|
Batting: LHB Antonio Domingues
|
0-0: Foul Ball, location: 2F 0-1: Foul Ball, location: 2F 0-2: Ball 1-2: Ball 2-2: Ball 3-2: 3-RUN HOME RUN (Flyball, 9D, EV 99.4 MPH), Distance : 372 ft
|
|
Batting: SHB Rich Rubio
|
0-0: Called Strike 0-1: Ball 1-1: Ball 2-1: Foul Ball, location: 2F 2-2: Fly out, F8 (Flyball, 78S, EV 83.1 MPH)
|
|
Pitching: RHP Nate Mull
|
|
|
Batting: SHB Santos Renteria
|
0-0: Ball 1-0: Ball 2-0: SINGLE (Line Drive, 78M, EV 93.1 MPH)
|
|
Batting: SHB Isaiah Cherry
|
0-0: Called Strike 0-1: Ball 1-1: Called Strike 1-2: Fielders Choice at 2nd, 4-6 (Groundball, 4, EV 87.5 MPH)
|
|
Batting: LHB Casper Kersten
|
0-0: Ball 1-0: Ball Isaiah Cherry steals 2nd base 2-0: Ball 3-0: Called Strike 3-1: Foul Ball, location: 2F 3-2: Foul Ball, location: 2F 3-2: Foul Ball, location: 2F 3-2: SINGLE (Line Drive, 89M, EV 110.6 MPH) Isaiah Cherry to third Runner from 3rd tries for Home, SAFE, throw by CF to home
|
|
Batting: RHB Garrison Feltham
|
0-0: Called Strike 0-1: Ball 1-1: 2-RUN HOME RUN (Flyball, 78XD, EV 100.6 MPH), Distance : 419 ft
|
|
Pitching: RHP Eric Blaha
|
|
|
Batting: RHB Dale Aubrey
|
0-0: Ball 1-0: Called Strike 1-1: Foul Ball, location: 2F 1-2: Ball 2-2: Fly out, F7 (Flyball, 78D, EV 97.5 MPH)
|
| Top of the 8th over - 6 runs, 4 hits, 0 errors, 0 left on base; Hickory 12 - West Michigan 0 |
| BOTTOM OF THE 8TH |
|
West Michigan Whitecaps batting - Pitching for Hickory Crawdads : RHP Jeff Kidd
|
|
Batting: RHB Vince Chipman
|
0-0: Foul Ball, location: 2F 0-1: Ball 1-1: Swinging Strike 1-2: Ball 2-2: Ball 3-2: Strikes out swinging
|
|
Batting: RHB Sergio Valbuena
|
0-0: Foul Ball, location: 2F 0-1: SINGLE (Groundball, 56D, EV 98.8 MPH)
|
|
Batting: RHB Rocky Hart
|
0-0: Ball 1-0: Swinging Strike 1-1: Called Strike 1-2: Grounds into double play, 4-6-3 (Groundball, 4, EV 107.5 MPH)
|
| Bottom of the 8th over - 0 runs, 1 hit, 0 errors, 0 left on base; Hickory 12 - West Michigan 0 |
| TOP OF THE 9TH |
|
Hickory Crawdads batting - Pitching for West Michigan Whitecaps : RHP Eric Blaha
|
|
Batting: LHB Ben Radach
|
0-0: Ball 1-0: Called Strike 1-1: Swinging Strike 1-2: Foul Ball, location: 2F 1-2: Ball 2-2: Foul Ball, location: 2F 2-2: Strikes out swinging
|
|
Batting: RHB Nate Calderin
|
0-0: Ball 1-0: Foul Ball, location: 2F 1-1: Ball 2-1: SINGLE (Groundball, 6MD, EV 103.1 MPH)
|
|
Batting: LHB Antonio Domingues
|
0-0: Called Strike 0-1: Ball 1-1: Ball 2-1: Swinging Strike 2-2: Ball 3-2: Base on Balls Nate Calderin to second
|
|
Batting: SHB Rich Rubio
|
0-0: Foul Ball, location: 2F 0-1: Called Strike 0-2: Ball 1-2: Ball 2-2: Foul Ball, location: 2F 2-2: Ball 3-2: Foul Ball, location: 2F 3-2: Base on Balls Nate Calderin to third Antonio Domingues to second
|
|
Batting: SHB Santos Renteria
|
0-0: Foul Ball, location: 2F 0-1: Ball 1-1: Ball 2-1: Called Strike 2-2: Ball Wild Pitch! Nate Calderin scores Antonio Domingues to third Rich Rubio to second 3-2: Base on Balls
|
|
Batting: SHB Isaiah Cherry
|
0-0: Called Strike 0-1: Ball 1-1: Foul Ball, location: 2F 1-2: Foul Ball, location: 2F 1-2: Ball 2-2: Fly out, F8 (Flyball, 8LS, EV 83.8 MPH)
|
|
Batting: LHB Casper Kersten
|
0-0: Called Strike 0-1: Swinging Strike 0-2: Foul Ball, location: 2F 0-2: Fielders Choice at 2nd, 4-6 (Groundball, 4MD, EV 75.0 MPH)
|
| Top of the 9th over - 1 run, 1 hit, 0 errors, 3 left on base; Hickory 13 - West Michigan 0 |
| BOTTOM OF THE 9TH |
|
West Michigan Whitecaps batting - Pitching for Hickory Crawdads : RHP Jeff Kidd
|
|
Batting: RHB John Welch
|
0-0: Called Strike 0-1: Swinging Strike 0-2: Strikes out swinging
|
|
Batting: LHB Jeff Trapp
|
0-0: Ball 1-0: Ball 2-0: Foul Ball, location: 2F 2-1: Foul Ball, location: 2F 2-2: SINGLE (Groundball, 4MD, EV 102.5 MPH)
|
|
Pitching: LHP Logan Benson
|
|
|
Batting: RHB Aaron Cusick
|
0-0: Ball 1-0: Called Strike 1-1: Ball Wild Pitch! Jeff Trapp to second 2-1: Foul Ball, location: 2F 2-2: Ball 3-2: Foul Ball, location: 2F 3-2: Base on Balls
|
|
Batting: RHB Bill Cabrera
|
0-0: Grounds into double play, 4-6-3 (Groundball, 4, EV 88.1 MPH)
|
| Bottom of the 9th over - 0 runs, 1 hit, 0 errors, 1 left on base; Hickory 13 - West Michigan 0 |
|